 Dungeon Crawl Stone Soup version 0.26-a0-707-g31817bcca1 (webtiles) character file.

Game seed: 2859813923165695457

1417 lunkers the Agent of Entropy (level 8, 0/64 HPs)
             Began as a Demonspawn Abyssal Knight on Oct 26, 2020.
             Was a Priest of Lugonu.
             Killed by nerve-wracking pain
             ... invoked by a shadow imp
              (11 damage)
             ... on level 6 of the Dungeon.
             The game lasted 00:08:35 (5737 turns).

lunkers the Agent of Entropy (DsAK)                 Turns: 5737, Time: 00:08:35

Health: 0/64       AC:  5    Str: 14    XL:     8   Next: 43%
Magic:  13/13      EV: 11    Int: 15    God:    Lugonu [***...]
Gold:   313        SH:  0    Dex: 12    Spells: 7/7 levels left

rFire    . . .     SeeInvis .   a - +1 mace
rCold    . . .     Faith    .   (no shield)
rNeg     . . .     Spirit   .   u - +0 troll leather armour {Purgy}
rPois    .         Reflect  .   (helmet restricted)
rElec    .         Harm     .   (no cloak)
rCorr    .         Rampage  .   (no gloves)
MR       .....                  c - +0 pair of boots
Stlth    +.........             o - amulet of regeneration
HPRegen  1.00/turn              (no ring)
MPRegen  0.13/turn              (no ring)

@: no status effects
A: antennae 1, demonic guardian 1, powered by death 2
a: Depart the Abyss, Bend Space, Banish, Renounce Religion


You were on level 6 of the Dungeon.
You worshipped Lugonu.
Lugonu was most pleased with you.
You visited 1 branch of the dungeon, and saw 7 of its levels.
You visited the Abyss 1 time.
You also visited: Sewer.

You collected 313 gold pieces.

Inventory:

Hand Weapons
 a - a +1 mace (weapon)
Armour
 b - a +0 leather armour
 c - a +0 pair of boots (worn)
 u - a +0 troll leather armour (worn) {Purgy}
Jewellery
 o - an amulet of regeneration (around neck)
Wands
 x - a wand of acid (8)
 z - a wand of polymorph (2)
Scrolls
 f - 3 scrolls of immolation
 p - 3 scrolls of remove curse
 s - 2 scrolls of fear
 t - 2 scrolls of teleportation {unknown}
 v - a scroll of random uselessness {unknown}
 y - a scroll of magic mapping {unknown}
 A - a scroll of noise {unknown}
 B - 3 scrolls of identify
 C - 4 scrolls of amnesia {unknown}
 D - a scroll of blinking {unknown}
 F - a scroll of fog {unknown}
Potions
 d - 3 potions of invisibility
 e - a potion of heal wounds {unknown}
 g - 3 potions of stabbing
 h - a potion of flight {unknown}
 i - 5 potions of brilliance
 j - 2 potions of haste {unknown}
 k - a potion of might {unknown}
 l - a potion of magic {unknown}
 m - 3 potions of lignification {unknown}
 n - a potion of berserk rage {unknown}
 q - 2 potions of ambrosia
 r - 2 potions of curing {unknown}
 w - a potion of resistance {unknown}
 E - a potion of mutation {unknown}


   Skills:
 + Level 6.0 Fighting
 * Level 7.0 Maces & Flails
 - Level 1.7 Armour
 - Level 0.8 Dodging
 + Level 7.2 Invocations


You had 7 spell levels left.
You didn't know any spells.
Your spell library was empty.

Dungeon Overview and Level Annotations

Branches:
Dungeon (7/15)             Temple (0/1) D:4           Sewer (visited)

Altars:
Cheibriados
Elyvilon
Gozag
Nemelex Xobeh
Sif Muna
Wu Jian
Xom
The Shining One


Innate Abilities, Weirdness & Mutations

You have a pair of small antennae on your head.
A weak demonic guardian rushes to your aid.
You regenerate health from kills.


Message History

You kill the bullfrog!
Lugonu accepts your kill.
Your Fighting skill increases to level 6!
Your Maces & Flails skill increases to level 7!
The shadow imp hits you.
* * * LOW HITPOINT WARNING * * *
You completely miss the shadow imp.
The shadow imp is moderately wounded.
The shadow imp hits you.
* * * LOW HITPOINT WARNING * * *
You hit the shadow imp.
The shadow imp is heavily wounded.
The shadow imp gestures at you. Pain shoots through your body!
* * * LOW HITPOINT WARNING * * *
You hit the shadow imp.
The shadow imp is heavily wounded.
The shadow imp gestures at you. Pain shoots through your body!
You die...

........##≈≈≈♣.^♣##
........#._^...^.^###
........⌠^..^_..≈.⌠.#
........#♣^≈.._..##.#
........##.≈...≈^##.#
.........##.#.≈_##..#
#.##......###⌠####.##
#####..........5†..#
###...........@######
###..............###..#
##...#.......<.......##
...##................#
..###..........#.....##
.## ###......####.....#
.# ###..### #.....# ##
#### ##....# #>...#


You could see a shadow imp.

Vanquished Creatures
  Sigmund (D:3)
  Menkaure (D:6)
  Purgy (Sewer)
  An ogre (D:4)
  2 centaurs
  A bullfrog (D:6)
  A water moccasin skeleton (D:4)
  A howler monkey (D:6)
  An orc priest (D:6)
  2 bullfrog skeletons
  3 orc wizards
  An iguana (D:6)
  A worker ant (D:4)
  8 adders
  A shadow imp (D:5)
  An ufetubus (D:5)
  An ooze (D:1)
  4 worms
  4 dart slugs
  4 leopard geckos
  13 orcs
  7 bats
  3 giant cockroaches (D:3)
  17 goblins
  6 hobgoblins
  5 jackals
  3 quokkas
  3 ball pythons
  4 frilled lizards
  A jackal skeleton (D:5)
  12 kobolds
  11 rats
125 creatures vanquished.

Vanquished Creatures (collateral kills)
  A sky beast (D:5)
  2 ogres (D:7)
  Blork the orc (D:6)
  An orc (D:4)
  A jackal zombie (D:7)
6 creatures vanquished.

Vanquished Creatures (others)
  6 plants (D:4)
6 creatures vanquished.

Grand Total: 137 creatures vanquished

Notes
Turn   | Place    | Note
-------+----------+-------------------------------------------
     0 | Abyss:1  | lunkers the Demonspawn Abyssal Knight began the quest for
                  | the Orb.
     0 | Abyss:1  | Reached XP level 1. HP: 18/18 MP: 2/2
    48 | Abyss:1  | Noticed a raiju
    49 | D:1      | Escaped the Abyss
   139 | D:1      | Reached * piety under Lugonu
   319 | D:1      | Gained mutation: A weak demonic guardian rushes to your
                  | aid. [demonic ancestry]
   319 | D:1      | Reached XP level 2. HP: 23/24 MP: 4/4
   863 | D:2      | Gained mutation: You regenerate a little health from kills.
                  | [demonic ancestry]
   863 | D:2      | Reached XP level 3. HP: 29/29 MP: 5/5
   914 | D:2      | Noticed a centaur
   924 | D:2      | Killed a centaur
   924 | D:2      | Gained mutation: You regenerate health from kills. [demonic
                  | ancestry]
   924 | D:2      | Reached XP level 4. HP: 8/36 MP: 6/6
  2074 | D:3      | Found a glowing drain.
  2331 | D:3      | Gained mutation: You have a pair of small antennae on your
                  | head. [demonic ancestry]
  2331 | D:3      | Reached XP level 5. HP: 18/42 MP: 7/7
  2359 | Sewer    | Entered a sewer
  2661 | Sewer    | Noticed Purgy
  2672 | Sewer    | Killed Purgy
  3003 | D:3      | Found a snail-covered altar of Cheibriados.
  3043 | D:3      | Reached ** piety under Lugonu
  3310 | D:3      | Found a white marble altar of Elyvilon.
  3356 | D:3      | Reached XP level 6. HP: 48/48 MP: 9/9
  3480 | D:3      | Noticed Sigmund
  3485 | D:3      | Killed Sigmund
  3485 | D:3      | Reached skill level 5 in Invocations
  3759 | D:4      | Reached skill level 5 in Maces & Flails
  3837 | D:4      | Reached XP level 7. HP: 55/55 MP: 9/11
  4022 | D:4      | Found a staircase to the Ecumenical Temple.
  4332 | D:4      | Reached skill level 5 in Fighting
  4387 | D:5      | Entered Level 5 of the Dungeon
  4504 | D:5      | Got a translucent spear
  4505 | D:5      | Identified the cursed +3 spear of Umasm {vamp, rF+ Str-3
                  | Dex+3} (You found it on level 5 of the Dungeon)
  4619 | D:5      | Found an ornate altar of the Wu Jian Council.
  5020 | D:6      | Found a shimmering altar of Xom.
  5054 | D:6      | Found a shimmering altar of Xom.
  5054 | D:6      | Found a shimmering altar of Xom.
  5055 | D:6      | Found a shimmering altar of Xom.
  5056 | D:6      | Found a shimmering altar of Xom.
  5196 | D:6      | Noticed Blork the orc
  5203 | D:6      | Killed Blork the orc
  5271 | D:6      | Noticed Menkaure
  5280 | D:6      | Killed Menkaure
  5280 | D:6      | Reached XP level 8. HP: 56/63 MP: 12/12
  5305 | D:6      | Found an opulent altar of Gozag.
  5305 | D:6      | Found a shimmering blue altar of Sif Muna.
  5306 | D:6      | Found a sparkling altar of Nemelex Xobeh.
  5308 | D:6      | Found a glowing golden altar of the Shining One.
  5432 | D:6      | Reached *** piety under Lugonu
  5737 | D:6      | Killed from afar by a shadow imp

Illustrated notes

Levels and vault maps discovered:
D:1:      dpeg_arrival_ternary, layout_basic, st_stairs_8
D:2:      layout_basic, minmay_misc_feat_iff
D:3:      layout_rooms, cheibriados_altar_1, nicolae_overflow_crystal_walls,
          cheibrodos_sewer_entry_drain, hangedman_decor_growths,
          kennysheep_donut, minmay_checkerbox, uniq_sigmund
D:4:      cheibrodos_old_hovel, layout_loops_cross,
          minmay_temple_entry_nine_rooms, hangedman_abyss_or_decor_stabs,
          minmay_ogre_servants
D:5:      layout_basic, kennysheep_mini_moat
D:6:      layout_cave_pods, xom_redecorated, grunt_temple_overflow_open,
          grunt_decor_cap, uniq_menkaure, uniq_blork_the_orc
D:7:      corexii_shack_village, layout_basic, gammafunk_ghost_icy

Skill      XL: |  1  2  3  4  5  6  7  8 |
---------------+-------------------------+-----
Maces & Flails | 2 3 4 5 6 7 |  7.0
Invocations    | 3 4 5 6 7 |  7.2
Fighting       | 4 5 6 |  6.0
Armour         | |  1.7
Dodging        | |  0.8

Action                   |  1- 3 |  4- 6 |  7- 9 || total
-------------------------+-------+-------+-------++-------
Melee: Mace              |    55 |   254 |   178 ||   487
       Unarmed           |       |    15 |     2 ||    17
Invok: Depart the Abyss  |     1 |       |       ||     1
Evoke: Wand              |       |     6 |     4 ||    10
  Use: Scroll            |       |     6 |     3 ||     9
 Stab: Sleeping          |     1 |       |       ||     1
       Distracted        |       |       |     3 ||     3
Armor: Leather armour    |    11 |    56 |       ||    67
       Troll leather arm |       |    38 |    53 ||    91
       Skin              |       |     3 |       ||     3
Dodge: Dodged            |    28 |   214 |   133 ||   375

Table legend: (Time is in decaauts)
 A = Elapsed time spent in this place.
 B = Non-inter-level travel time spent in this place.
 C = Inter-level travel time spent in this place.
 D = Time resting spent in this place.
 E = Time spent auto-exploring this place.
 F = Levels seen in this place.
 G = Mean time per level.
                   A        B        C        D        E       F      G
               +--------+--------+--------+--------+--------+-----+--------+
         Total |   5835 |   5687 |    148 |    227 |   4308 |   9 |  648.3 |
       Dungeon |   5184 |   5036 |    148 |    216 |   3768 |   7 |  740.6 |
         Abyss |     49 |     49 |      0 |      0 |     46 |   1 |   49.0 |
         Sewer |    601 |    601 |      0 |     11 |    494 |   1 |  601.0 |
               +--------+--------+--------+--------+--------+-----+--------+

Top non-repeatable levels by time:
     D:2: 1359 daAuts
     D:3: 921 daAuts
     D:1: 785 daAuts
     D:4: 751 daAuts
     D:6: 719 daAuts
     D:5: 635 daAuts
   Sewer: 601 daAuts
 Abyss:1: 49 daAuts
     D:7: 12 daAuts
